Map: Ruins of Seras

Players

vaitsa

  • Race: Terran Terran

Gracz - Winner!

  • Race: Terran Terran

VOD

Have the link to the VOD?

Description

Time

  • Played on: March 7, 2016, 10:50 a.m.
  • Length: 35:31
Show
View Real Time Build Order
Export as new Build Order

vaitsa Terran 

Build Orders:  

Get SALT Encoding   

  12  0:09  SCV  
  14  0:21  SCV  
  14  0:24  Refinery  
  14  0:33  SCV  
  15  0:36  Supply Depot  
  15  0:57  Refinery  
  15  0:58  SCV  
  15  1:01  Supply Depot  
  16  1:06  Supply Depot  
  16  1:18  SCV  
  17  1:30  SCV  
  18  1:41  Barracks  
  18  1:42  SCV  
  19  1:52  Engineering Bay  
  19  1:54  SCV  
  20  2:06  SCV  
  21  2:12  Supply Depot  
  21  2:18  SCV  
  22  2:30  SCV  
  22  2:34  Barracks Tech Lab  
  23  2:43  Bunker  
  23  2:50  Terran Infantry Weapons Level 1  
  23  2:55  Marine  
  24  3:08  Missile Turret  
  24  3:13  Marine  
  24  3:18  Bunker  
  25  3:31  Marine  
  26  3:40  Missile Turret  
  26  3:49  Marine  
  26  3:54  Missile Turret  
  27  4:07  Marine  
  28  4:11  Bunker  
  28  4:25  Marauder  
  30  4:44  Terran Infantry Armor Level 1  
  30  4:49  Supply Depot  
  30  4:51  Marauder  
  32  5:12  Marauder  
  34  5:33  Marauder  
  36  5:55  Marauder  
  38  6:05  Supply Depot  
  38  6:15  Marine  
  39  6:20  Factory  
  39  6:33  Marine  
  39  6:37  Command Center  
  39  6:38  Hi-Sec Auto Tracking  
  40  6:47  Supply Depot  
  40  6:51  Marine  
  41  7:09  Marine  
  42  7:17  Missile Turret  
  42  7:25  Supply Depot  
  42  7:27  Marine  
  43  7:34  Concussive Shells  
  43  7:45  Factory Tech Lab  
  43  7:52  Marauder  
  45  8:07  Missile Turret  
  45  8:13  Marine  
  45  8:15  Refinery  
  45  8:16  SCV  
  47  8:28  SCV  
  47  8:31  Marauder, Orbital Command  
  50  8:37  Siege Tank  
  53  8:52  Marine, Refinery  
  54  8:56  Starport  
  54  9:09  Siege Tank  
  57  9:11  Marauder  
  59  9:35  Mag-Field Accelerator  
  59  9:40  Missile Turret  
  59  9:41  Siege Tank  
  62  10:09  Starport Tech Lab  
  62  10:13  Siege Tank  
  65  10:16  Missile Turret  
  65  10:23  Neosteel Frame  
  65  10:30  Combat Shields  
  65  10:50  Banshee  
  68  10:59  Supply Depot  
  68  11:33  Banshee  
  71  11:51  Cloaking Field  
  71  11:58  Missile Turret  
  71  12:00  Infernal Pre-Igniter  
  71  12:15  Banshee  
  74  12:32  Missile Turret  
  74  12:48  Command Center  
  74  12:58  Banshee  
  74  13:03  Armory  
  77  13:10  High Capacity Fuel Tanks  
  77  13:14  SCV  
  78  13:26  SCV  
  79  13:34  Supply Depot  
  79  13:38  SCV  
  80  13:41  Banshee  
  80  13:46  Refinery  
  83  13:48  Building Armor  
  83  14:06  Explosive Shrapnel Shells  
  83  14:29  Supply Depot  
  83  14:37  Supply Depot  
  83  14:38  Refinery  
  83  14:41  Terran Vehicle Weapons Level 1  
  83  14:55  Thor  
  89  15:20  Ghost Academy  
  89  15:38  Thor  
  89  15:41  Orbital Command  
  95  16:20  Thor  
  86  17:03  Thor  
  86  17:07  Missile Turret  
  92  17:15  Missile Turret  
  92  17:26  Drilling Claws  
  92  17:27  Missile Turret  
  92  17:32  Nuke  
  92  17:46  Missile Turret  
  92  17:59  Fusion Core  
  92  18:06  Missile Turret  
  92  18:10  Corvid Reactor  
  92  18:19  Viking  
  94  18:24  Personal Cloaking  
  94  18:27  Terran Vehicle Weapons Level 2  
  94  18:32  Terran Infantry Weapons Level 2  
  94  18:49  Viking  
  94  18:53  Missile Turret  
  96  18:56  Supply Depot, Weapon Refit  
  96  19:19  Viking  
  98  19:48  Viking  
  100  20:10  Supply Depot  
  100  20:18  Viking  
  94  20:44  Terran Vehicle And Ship Armor Level 1  
  94  20:48  Viking  
  71  21:12  Thor  
  71  21:16  Missile Turret  
  77  21:18  Viking  
  77  21:25  Marine  
  80  21:43  Marine  
  81  21:48  Viking  
  81  21:54  Missile Turret  
  83  21:55  Thor  
  83  22:01  Marine  
  90  22:18  Viking  
  90  22:19  Marine  
  93  22:35  Missile Turret  
  93  22:36  Marine  
  94  22:38  Terran Ship Weapons Level 1, Siege Tank  
  97  22:48  Viking  
  99  22:54  Hyperflight Rotors  
  99  22:59  Terran Infantry Weapons Level 3  
  99  23:02  Behemoth Reactor  
  99  23:10  Siege Tank  
  102  23:18  Medivac  
  104  23:20  Missile Turret  
  104  23:45  Missile Turret  
  107  23:48  Medivac, Siege Tank  
  109  24:07  Bunker  
  109  24:20  Siege Tank  
  112  24:25  Missile Turret  
  112  24:32  Battlecruiser, Terran Vehicle Weapons Level 3  
  118  24:57  Bunker  
  118  25:09  Refinery  
  118  25:44  Missile Turret  
  118  26:04  Missile Turret  
  118  26:18  Missile Turret  
  118  26:20  Advanced Ballistics  
  118  26:29  Terran Infantry Armor Level 2  
  118  26:36  Ghost  
  120  26:46  Missile Turret  
  120  27:04  Ghost  
  122  27:09  Battlecruiser, Terran Vehicle And Ship Armor Level 2  
  128  27:38  Missile Turret  
  128  28:13  Battlecruiser  
  134  28:39  Refinery  
  134  28:40  Refinery  
  130  28:48  Refinery  
  130  29:17  Battlecruiser  
  95  30:21  Banshee  
  95  30:49  Thor  
  95  30:53  Marine  
  102  31:04  Banshee  
  102  31:10  Marine  
  104  31:28  Marine  
  104  31:32  Thor  
  111  31:46  Marine, Banshee  
  97  32:04  Marine  
  92  32:24  Thor  
  92  32:28  Marine  
  105  32:30  Battlecruiser  
  105  32:46  Marine  
  106  33:04  Marine  
  107  33:07  Thor  
  113  33:22  Marine  
  114  33:34  Banshee  
  117  33:39  Marine  
  118  33:49  Thor  
  130  34:17  Battlecruiser  
  114  35:06  Refinery  
Show
View Real Time Build Order
Export as new Build Order

Gracz Terran - Winner!

Build Orders:  

Get SALT Encoding   

  12  0:02  SCV  
  13  0:14  SCV  
  14  0:36  Supply Depot  
  14  0:43  Supply Depot  
  14  0:59  Supply Depot  
  14  1:01  Barracks  
  14  1:23  Supply Depot  
  14  1:25  Supply Depot  
  14  1:35  Barracks  
  14  1:42  Refinery, SCV  
  15  1:54  SCV  
  16  2:05  Supply Depot  
  16  2:12  Barracks  
  16  2:21  SCV  
  17  2:33  SCV  
  17  2:35  Bunker  
  18  2:45  SCV  
  18  2:46  Refinery  
  18  2:50  Barracks Reactor  
  19  2:57  SCV  
  20  3:10  SCV  
  20  3:11  Barracks  
  21  3:22  SCV  
  22  3:38  Engineering Bay  
  22  3:39  SCV  
  23  3:51  SCV  
  23  3:54  Factory, Barracks Reactor x2  
  24  4:00  Barracks Reactor  
  24  4:01  Marine x2  
  26  4:19  Marine x2  
  28  4:27  Orbital Command  
  28  4:52  Command Center  
  28  5:01  Starport  
  28  5:08  Factory Tech Lab  
  28  5:21  Engineering Bay  
  28  5:24  Armory  
  28  5:28  Armory  
  28  5:36  Barracks  
  28  5:48  Sensor Tower  
  28  5:57  Marine x5  
  33  6:11  Orbital Command  
  33  6:20  Starport Reactor  
  33  6:33  Armory  
  33  6:41  Refinery, SCV  
  33  6:43  SCV  
  35  6:53  SCV  
  36  6:55  SCV  
  36  6:59  Medivac x2  
  41  7:03  Barracks Tech Lab  
  41  7:05  SCV  
  41  7:07  SCV  
  43  7:19  SCV  
  44  7:25  SCV  
  44  7:27  Building Armor  
  44  7:28  Terran Infantry Armor Level 1  
  45  7:30  Terran Vehicle Weapons Level 1  
  45  7:31  SCV  
  45  7:37  SCV  
  47  7:42  Terran Vehicle And Ship Armor Level 1  
  47  7:43  SCV  
  48  7:49  SCV  
  49  7:55  SCV  
  49  7:58  Marine x4  
  53  7:59  Marine x4  
  53  8:00  Refinery  
  53  8:03  Terran Ship Weapons Level 1  
  58  8:15  Marine  
  58  8:16  Marine x4  
  63  8:22  Starport  
  63  8:27  Supply Depot  
  63  8:36  SCV  
  63  8:38  Supply Depot, SCV  
  65  8:48  SCV  
  66  8:50  SCV  
  67  9:04  Supply Depot  
  67  9:06  Supply Depot  
  67  9:08  Starport Reactor  
  67  9:16  Starport  
  67  9:20  Marine x8, Sensor Tower  
  75  9:37  Marine  
  75  9:38  Marine x7  
  77  9:43  Supply Depot  
  83  9:45  Supply Depot  
  83  9:47  Supply Depot  
  83  9:55  Marine x2  
  83  9:56  Marine x6  
  91  10:01  Marine  
  92  10:13  Marine  
  93  10:16  Thor  
  93  10:18  Stimpack  
  93  10:19  Marauder  
  101  10:28  Terran Infantry Armor Level 2  
  101  10:33  Terran Vehicle And Ship Armor Level 2, Terran Infantry Weapons Level 1  
  101  10:35  Terran Vehicle Weapons Level 2  
  101  10:38  Terran Ship Weapons Level 2  
  101  10:40  Marauder  
  103  10:52  Starport Tech Lab  
  103  10:53  Starport  
  103  11:13  Starport  
  103  11:48  Starport Tech Lab  
  103  11:54  Starport Tech Lab  
  103  12:02  Starport  
  103  12:05  Fusion Core  
  103  12:14  Marine  
  103  12:15  Marine x7  
  111  12:18  Combat Shields  
  111  12:32  Marine x7  
  111  12:33  Marine  
  119  12:43  Medivac x2  
  119  12:44  Medivac x2  
  125  12:46  Thor  
  125  12:50  Marine  
  134  13:14  Supply Depot  
  134  13:15  Marine x8  
  142  13:23  Supply Depot  
  142  13:33  Marine x7  
  149  13:36  Marine x2  
  151  13:42  Battlecruiser  
  151  13:45  Battlecruiser  
  163  13:50  Marine x3  
  166  13:57  Starport Tech Lab  
  166  14:20  Refinery  
  166  14:24  Refinery  
  166  14:33  Orbital Command  
  166  14:41  Terran Infantry Armor Level 3, Terran Infantry Weapons Level 2  
  166  14:45  Terran Vehicle Weapons Level 3  
  166  15:41  Supply Depot  
  166  15:57  Weapon Refit  
  166  15:59  Advanced Ballistics  
  166  16:02  Marine x8  
  174  16:09  High Capacity Fuel Tanks  
  174  16:23  Starport  
  174  16:26  Marine  
  174  16:32  Battlecruiser  
  164  16:40  Behemoth Reactor  
  157  16:58  SCV  
  158  17:05  Supply Depot  
  158  17:10  SCV  
  159  17:22  SCV  
  160  17:25  Missile Turret  
  160  17:28  Missile Turret  
  160  17:34  SCV  
  161  17:43  Supply Depot  
  161  17:46  SCV  
  161  17:50  Supply Depot  
  162  17:55  Hyperflight Rotors, Supply Depot  
  162  17:56  Starport Tech Lab  
  162  17:57  Explosive Shrapnel Shells  
  163  17:58  SCV  
  163  18:04  Corvid Reactor  
  163  18:07  Concussive Shells  
  163  18:08  Terran Vehicle And Ship Armor Level 3  
  163  18:10  SCV  
  164  18:19  Hi-Sec Auto Tracking  
  164  18:21  Neosteel Frame  
  164  18:37  Liberator  
  164  18:50  Marine x6  
  164  18:51  Marauder  
  164  18:52  Marine x2  
  177  19:00  Hellion  
  179  19:13  Marauder  
  36  21:07  Battlecruiser x2  
  36  21:08  Battlecruiser  
  36  21:09  Battlecruiser  
  36  21:10  Marine  
  36  21:11  Marine x8  
  61  21:14  Medivac  
  61  21:17  Medivac  
  73  21:28  Marine  
  73  21:29  Marine x8  
  82  21:44  Command Center  
  82  21:46  Marine  
  82  21:47  Marine x8, SCV  
  83  21:49  Refinery  
  83  21:50  Refinery  
  92  22:04  Marine x6  
  92  22:05  Marine x3  
  101  22:22  Marine  
  102  22:46  Marine x9  
  111  23:03  Marine  
  111  23:04  Marine x8  
  120  23:21  Marine  
  120  23:22  Marine x7  
  128  23:42  Viking x2  
  128  23:43  Viking x2  
  203  24:02  Orbital Command  
  136  24:21  Viking x3  
  136  24:22  Viking  
  144  24:34  Orbital Command  
  144  24:57  SCV  
  145  25:04  SCV  
  146  25:09  SCV  
  146  25:12  Refinery  
  147  25:16  SCV  
  147  25:17  Refinery  
  147  25:18  SCV  
  149  25:21  SCV  
  150  25:30  SCV  
  150  25:33  SCV  
  152  25:42  SCV  
  153  25:46  SCV  
  154  25:54  SCV  
  155  26:18  Orbital Command  
  155  26:28  Refinery  
  155  26:31  Refinery  
  155  26:33  Marine  
  155  26:34  Marine  
  155  26:35  Marine x7  
  155  26:39  Medivac x2  
  168  26:40  Medivac  
  168  26:43  Banshee  
  173  26:51  Marine  
  173  26:52  Marine  
  173  26:53  Marine x7  
  182  26:58  Medivac  
  182  26:59  Medivac  
  182  27:00  Medivac  
  188  27:09  Marine  
  188  27:10  Marine  
  188  27:11  Marine x7  
  197  27:27  Marine  
  197  27:28  Marine x2  
  194  28:44  SCV  
  195  28:56  SCV  
  196  29:08  SCV  
  63  30:29  Marine x9  
  63  30:34  Medivac x4  
  80  30:38  Terran Ship Weapons Level 3, Terran Infantry Weapons Level 3  
  80  30:40  Thor  
  92  30:43  Battlecruiser  
  92  30:47  Marine x9  
  262  31:04  Medivac x4, Marine  
  101  31:05  Marine x8  
  112  31:22  Marine, Thor  
  112  31:23  Marine x8  
  111  31:34  Medivac x4  
  111  31:41  Marine  
  102  32:04  Medivac x4  
  102  32:05  Thor  
  116  32:22  Marine  
  116  32:23  Marine x6  
  116  32:25  Marine x2  
  125  32:40  Marine  
  125  32:41  Marine x6  
  125  32:43  Marine x2  
  134  32:48  Thor  
  140  32:58  Marine x3  
  140  32:59  Battlecruiser, Marine x4  
  140  33:00  Battlecruiser x2, Marine  
  140  33:01  Marine  
  167  33:16  Marine x7  
  167  33:18  Marine  
  167  33:19  Marine  
  176  33:34  Marine, Reaper x5  
  176  33:35  Reaper  
  183  33:48  Medivac x2  
  183  33:49  Medivac x2  
  183  33:52  Reaper  
  192  34:06  Marine x4, Reaper  
Tags
 
Add a new tag
Caveats
  • Supply blocks, unpowered buildings, or Contaminate may cause inaccurate times.
  • Supply counts are checked every 10 seconds.